Connexion

Bears vs Devils

Created - 27 septembre 2023 at 05:58

Goals
1 2 3 OT1 T
Bears 0 1 0 0 1
Devils 1 0 0 1 2
Shots
1 2 3 OT1 T
Bears 12 19 7 0 38
Devils 9 3 9 2 23

GoalsPenalties
1st period
1. Devils , Carsen Focht 1 (Ryan Murphy 17, Cal Clutterbuck 11) at 18:17
Gustav Olofsson (HER) for Hooking (Minor) at 3:06
Ryan Murphy (BIN) for Slashing (Minor) at 11:48
2nd period
2. Bears , Joona Luoto 13 (Justin Dowling 14, Gustav Olofsson 10) at 5:32
Paul Byron (BIN) for Hooking (Minor) at 3:32
Cal Clutterbuck (BIN) for Tripping (Minor) at 9:41
Ryan Murphy (BIN) for Roughing (Minor) at 13:02
3rd period
No Goal
Andreas Borgman (HER) for Roughing (Minor) at 3:37
Cole Koepke (HER) for Roughing (Minor) at 10:24
Cal Clutterbuck (BIN) for High sticking (Minor) at 12:24
Buddy Robinson (HER) for Roughing (Minor) at 16:33
Overtime #1
3. Devils , Paul Byron 4 (Pavel Gogolev 4) at 0:26
No Penalty
Goalie Stats
Mikhal Berdin (HER), 21 saves from 23 shots - (0,913), OTL, 3-8-2, 60:27 minutes
Carey Price (BIN), 37 saves from 38 shots - (0,974), W, 10-5-0, 60:27 minutes
3 StarsOfficial
1 - Carey Price (BIN)
2 - Carsen Focht (BIN)
3 - Paul Byron (BIN)
Referees : Dan O'Rourke and Eric Furlatt
Linesman : Pierre Champoux and Brian Murphy
Game Note
No Game Note
Finance
Level 1 -- Attendance: 1884 (94,20%) -- Ticket Income 56 520 $
Level 2 -- Attendance: 761 (76,10%) -- Ticket Income 15 220 $
Total Attendance: 2645 (88,17%)
Total Ticket Income: 71 740 $
Other Income: 14 348 $
Total Income: 86 088 $



Team Name Goals Shots Shots Attemp Shots Blocked PIM HIT PP PK FO%
Bears 13869118250 / 5 (0%)053%
Devils 223471210240 / 4 (0%)047%

Bears
Player Name POS G A P +/- PIM HIT SHT SB MP PP MP PP SHT PK MP PK SHT FO% FOT
Andreas BorgmanD0001200013:370:0000:0500% 0
Arttu RuotsalainenC000-1003119:064:5400:00058% 26
Austin WatsonC/LW/RW0001010012:590:0000:0000% 0
Beck MalenstynLW0001025113:160:0000:1700% 2
Brennan MenellD0001001114:290:0000:5600% 0
Buddy RobinsonRW000-1204019:054:5430:0000% 1
Chad KrysD000-1002121:255:1624:0400% 0
Christoffer EhnC/LW000000003:350:0000:00080% 5
Cole KoepkeLW0000263020:375:0114:14067% 3
Gustav OlofssonD011-1201124:274:3912:5100% 0
Jay BeagleC/RW0001012112:590:0000:00058% 12
Joona LuotoLW/RW1010017018:185:0121:5420% 2
Jordie BennD0000012225:024:3913:5200% 0
Justin DowlingC/LW/RW011-1031024:594:4305:26049% 39
Kyle BurroughsD000-1062321:255:1614:0400% 0
Lean BergmannLW/RW000-1035021:004:5431:540100% 2
Maxim LetunovC000000001:100:1800:1700% 0
Tyrell GoulbourneLW000-101005:520:0001:5000% 0
Devils
Player Name POS G A P +/- PIM HIT SHT SB MP PP MP PP SHT PK MP PK SHT FO% FOT
Cal ClutterbuckLW/RW0111441017:160:0000:0000% 0
Carl DahlstromD000-1042014:480:0001:4000% 0
Carsen FochtC1011001017:180:0000:00044% 25
Cole CasselsC0000001011:180:0006:31038% 21
Dalton ThrowerD0000001320:113:5113:5700% 0
Doyle SomerbyD0000030021:513:5105:3700% 0
Eric RobinsonLW000000004:470:0000:0000% 0
Kirill MaksimovRW0000020013:364:1100:0000% 1
Mackenzie MacEachernLW0000002011:231:5800:0000% 0
Marc StaalD0001011226:194:0515:3600% 0
Noel HofenmayerD0000010113:380:0000:0300% 0
Paul ByronC/LW/RW1010234018:484:5022:53054% 28
Pavel GogolevLW0110004019:495:1913:2400% 1
Ryan MurphyD0111421423:384:0512:5700% 0
Samuel HoudeC0000002114:123:4511:02056% 16
Spencer FooRW000-1002014:243:4500:0000% 0
Stefan FournierLW/RW000003004:470:0000:0000% 0
Zach SanfordLW0001011123:180:0006:0000% 0



Play-by-Play

1st period


0:01 of 1st period - Justin Dowling wins face-off versus Carsen Focht in neutral zone.
0:06 of 1st period - Shot by Joona Luoto.
0:06 of 1st period - Shot Misses the Net.
0:48 of 1st period - Joona Luoto is hit by Zach Sanford and loses puck.
1:19 of 1st period - Shot by Arttu Ruotsalainen.
1:19 of 1st period - Stopped by Carey Price without a rebound.
1:20 of 1st period - Paul Byron wins face-off versus Jay Beagle in Devils zone.
1:25 of 1st period - Shot by Paul Byron.
1:25 of 1st period - Shot Misses the Net.
1:37 of 1st period - Shot by Beck Malenstyn.
1:37 of 1st period - Shot Misses the Net.
1:42 of 1st period - Icing by Dalton Thrower.
1:43 of 1st period - Paul Byron wins face-off versus Arttu Ruotsalainen in Devils zone.
1:53 of 1st period - Shot by Lean Bergmann.
1:53 of 1st period - Stopped by Carey Price without a rebound.
1:54 of 1st period - Samuel Houde wins face-off versus Jay Beagle in Devils zone.
1:56 of 1st period - Mackenzie MacEachern is hit by Austin Watson and loses puck.
2:01 of 1st period - Shot by Beck Malenstyn.
2:01 of 1st period - Stopped by Carey Price with a rebound.
2:33 of 1st period - Icing by Mackenzie MacEachern.
2:34 of 1st period - Christoffer Ehn wins face-off versus Kirill Maksimov in Devils zone.
3:06 of 1st period - Minor Penalty to Gustav Olofsson for Hooking.
3:07 of 1st period - Justin Dowling wins face-off versus Paul Byron in Bears zone.
3:07 of 1st period - Justin Dowling is hit by Kirill Maksimov.
3:39 of 1st period - Shot by Joona Luoto.
3:39 of 1st period - Stopped by Carey Price without a rebound.
3:40 of 1st period - Samuel Houde wins face-off versus Joona Luoto in Devils zone.
3:45 of 1st period - Doyle Somerby is hit by Lean Bergmann and loses puck.
3:49 of 1st period - Icing by Doyle Somerby.
3:50 of 1st period - Justin Dowling wins face-off versus Samuel Houde in Devils zone.
3:51 of 1st period - Shot by Cole Koepke.
3:51 of 1st period - Shot Blocked by Dalton Thrower.
4:01 of 1st period - Shot by Samuel Houde.
4:01 of 1st period - Shot Misses the Net.
4:03 of 1st period - Shot by Dalton Thrower.
4:03 of 1st period - Stopped by Mikhal Berdin with a rebound.
4:07 of 1st period - Shot by Pavel Gogolev.
4:07 of 1st period - Stopped by Mikhal Berdin with a rebound.
4:09 of 1st period - Shot by Samuel Houde.
4:09 of 1st period - Shot Misses the Net.
4:39 of 1st period - Lean Bergmann is hit by Paul Byron and loses puck.
7:24 of 1st period - Shot by Joona Luoto.
7:24 of 1st period - Shot Blocked by Ryan Murphy.
7:29 of 1st period - Off-side.
7:30 of 1st period - Jay Beagle wins face-off versus Samuel Houde in neutral zone.
7:46 of 1st period - Shot by Austin Watson.
7:46 of 1st period - Shot Hit the Post.
8:06 of 1st period - Shot by Mackenzie MacEachern.
8:06 of 1st period - Shot Blocked by Brennan Menell.
8:08 of 1st period - Shot by Mackenzie MacEachern.
8:08 of 1st period - Shot Misses the Net.
8:46 of 1st period - Off-side.
8:47 of 1st period - Christoffer Ehn wins face-off versus Carsen Focht in neutral zone.
9:21 of 1st period - Gustav Olofsson is hit by Cal Clutterbuck and loses puck.
9:56 of 1st period - Shot by Spencer Foo.
9:56 of 1st period - Stopped by Mikhal Berdin with a rebound.
10:35 of 1st period - Shot by Brennan Menell.
10:35 of 1st period - Shot Blocked by Marc Staal.
10:37 of 1st period - Shot by Beck Malenstyn.
10:37 of 1st period - Stopped by Carey Price without a rebound.
10:38 of 1st period - Samuel Houde wins face-off versus Justin Dowling in Devils zone.
10:40 of 1st period - Mackenzie MacEachern is hit by Cole Koepke and loses puck.
10:47 of 1st period - Shot by Brennan Menell.
10:47 of 1st period - Stopped by Carey Price without a rebound.
10:48 of 1st period - Jay Beagle wins face-off versus Cole Cassels in Devils zone.
10:48 of 1st period - Beck Malenstyn is hit by Noel Hofenmayer and loses puck.
11:05 of 1st period - Shot by Stefan Fournier.
11:05 of 1st period - Shot Misses the Net.
11:07 of 1st period - Shot by Cole Cassels.
11:07 of 1st period - Deflect By Eric Robinson.
11:07 of 1st period - Shot Blocked by Beck Malenstyn.
11:09 of 1st period - Shot by Eric Robinson.
11:09 of 1st period - Shot Misses the Net.
11:21 of 1st period - Shot by Cole Cassels.
11:21 of 1st period - Shot Blocked by Jay Beagle.
11:23 of 1st period - Shot by Cole Cassels.
11:23 of 1st period - Stopped by Mikhal Berdin without a rebound.
11:24 of 1st period - Carsen Focht wins face-off versus Arttu Ruotsalainen in Bears zone.
11:37 of 1st period - Shot by Arttu Ruotsalainen.
11:37 of 1st period - Shot Blocked by Ryan Murphy.
11:48 of 1st period - Minor Penalty to Ryan Murphy for Slashing.
11:49 of 1st period - Cole Cassels wins face-off versus Justin Dowling in Devils zone.
12:02 of 1st period - Shot by Chad Krys.
12:02 of 1st period - Stopped by Carey Price without a rebound.
12:03 of 1st period - Arttu Ruotsalainen wins face-off versus Cole Cassels in Devils zone.
12:20 of 1st period - Shot by Lean Bergmann.
12:20 of 1st period - Stopped by Carey Price without a rebound.
12:21 of 1st period - Cole Koepke wins face-off versus Cole Cassels in Devils zone.
12:35 of 1st period - Icing by Kyle Burroughs.
12:36 of 1st period - Justin Dowling wins face-off versus Cole Cassels in Bears zone.
12:42 of 1st period - Justin Dowling is hit by Doyle Somerby and loses puck.
12:45 of 1st period - Shot by Kyle Burroughs.
12:45 of 1st period - Shot Misses the Net.
12:55 of 1st period - Shot by Cole Koepke.
12:55 of 1st period - Shot Misses the Net.
12:59 of 1st period - Shot by Kyle Burroughs.
12:59 of 1st period - Stopped by Carey Price without a rebound.
13:00 of 1st period - Lean Bergmann wins face-off versus Paul Byron in Devils zone.
13:00 of 1st period - Lean Bergmann is hit by Marc Staal.
13:18 of 1st period - Shot by Lean Bergmann.
13:18 of 1st period - Deflect By Buddy Robinson.
13:18 of 1st period - Shot Misses the Net.
13:20 of 1st period - Shot by Buddy Robinson.
13:20 of 1st period - Stopped by Carey Price without a rebound.
13:21 of 1st period - Justin Dowling wins face-off versus Paul Byron in Devils zone.
13:21 of 1st period - Justin Dowling is hit by Carl Dahlstrom.
13:25 of 1st period - Shot by Joona Luoto.
13:25 of 1st period - Stopped by Carey Price without a rebound.
13:26 of 1st period - Cole Cassels wins face-off versus Justin Dowling in Devils zone.
13:48 of 1st period - Cole Cassels is hit by Lean Bergmann and loses puck.
13:55 of 1st period - Shot by Arttu Ruotsalainen.
13:55 of 1st period - Stopped by Carey Price without a rebound.
13:56 of 1st period - Arttu Ruotsalainen wins face-off versus Paul Byron in Devils zone.
14:25 of 1st period - Shot by Pavel Gogolev.
14:25 of 1st period - Shot Blocked by Arttu Ruotsalainen.
14:33 of 1st period - Shot by Pavel Gogolev.
14:33 of 1st period - Shot Misses the Net.
14:40 of 1st period - Off-side.
14:41 of 1st period - Carsen Focht wins face-off versus Justin Dowling in neutral zone.
14:48 of 1st period - Shot by Marc Staal.
14:48 of 1st period - Shot Blocked by Kyle Burroughs.
15:08 of 1st period - Justin Dowling is hit by Ryan Murphy and loses puck.
17:15 of 1st period - Shot by Noel Hofenmayer.
17:15 of 1st period - Shot Misses the Net.
17:17 of 1st period - Shot by Paul Byron.
17:17 of 1st period - Shot Misses the Net.
17:19 of 1st period - Shot by Carl Dahlstrom.
17:19 of 1st period - Stopped by Mikhal Berdin without a rebound.
17:20 of 1st period - Paul Byron wins face-off versus Justin Dowling in Bears zone.
17:33 of 1st period - Shot by Paul Byron.
17:33 of 1st period - Stopped by Mikhal Berdin with a rebound.
17:35 of 1st period - Shot by Paul Byron.
17:35 of 1st period - Deflect By Pavel Gogolev.
17:35 of 1st period - Stopped by Mikhal Berdin without a rebound.
17:36 of 1st period - Jay Beagle wins face-off versus Carsen Focht in Bears zone.
17:38 of 1st period - Icing by Austin Watson.
17:39 of 1st period - Jay Beagle wins face-off versus Carsen Focht in Bears zone.
17:39 of 1st period - Jay Beagle is hit by Cal Clutterbuck.
17:44 of 1st period - Off-side.
17:45 of 1st period - Lean Bergmann wins face-off versus Carsen Focht in neutral zone.
18:15 of 1st period - Shot by Ryan Murphy.
18:15 of 1st period - Shot Blocked by Kyle Burroughs.
18:17 of 1st period - Shot by Carsen Focht.
18:17 of 1st period - Goal by Carsen Focht - Bears : 0 - Devils : 1.
18:18 of 1st period - Paul Byron wins face-off versus Justin Dowling in neutral zone.
18:35 of 1st period - Shot by Pavel Gogolev.
18:35 of 1st period - Stopped by Mikhal Berdin without a rebound.
18:36 of 1st period - Jay Beagle wins face-off versus Cole Cassels in Bears zone.
18:36 of 1st period - Jay Beagle is hit by Stefan Fournier.
19:08 of 1st period - Shot by Jay Beagle.
19:08 of 1st period - Shot Misses the Net.
19:38 of 1st period - Icing by Cal Clutterbuck.
19:39 of 1st period - Carsen Focht wins face-off versus Arttu Ruotsalainen in Devils zone.
19:49 of 1st period - Icing by Zach Sanford.
19:50 of 1st period - Carsen Focht wins face-off versus Justin Dowling in Devils zone.
Goals for this period are 0 for Bears vs 1 for Devils.
Shots for this period are 12 for Bears vs 9 for Devils.

2nd period


0:01 of 2nd period - Justin Dowling wins face-off versus Paul Byron in neutral zone.
0:50 of 2nd period - Lean Bergmann is hit by Paul Byron and loses puck.
1:04 of 2nd period - Lean Bergmann is hit by Cal Clutterbuck and loses puck.
1:35 of 2nd period - Austin Watson is hit by Doyle Somerby and loses puck.
1:40 of 2nd period - Shot by Beck Malenstyn.
1:40 of 2nd period - Stopped by Carey Price without a rebound.
1:41 of 2nd period - Samuel Houde wins face-off versus Jay Beagle in Devils zone.
2:13 of 2nd period - Shot by Mackenzie MacEachern.
2:13 of 2nd period - Shot Misses the Net.
2:36 of 2nd period - Off-side.
2:37 of 2nd period - Paul Byron wins face-off versus Buddy Robinson in neutral zone.
2:45 of 2nd period - Pavel Gogolev is hit by Kyle Burroughs and loses puck.
2:49 of 2nd period - Spencer Foo is hit by Kyle Burroughs and loses puck.
2:57 of 2nd period - Icing by Arttu Ruotsalainen.
2:58 of 2nd period - Carsen Focht wins face-off versus Arttu Ruotsalainen in Bears zone.
3:18 of 2nd period - Off-side.
3:19 of 2nd period - Paul Byron wins face-off versus Justin Dowling in neutral zone.
3:32 of 2nd period - Minor Penalty to Paul Byron for Hooking.
3:33 of 2nd period - Justin Dowling wins face-off versus Cole Cassels in Devils zone.
3:48 of 2nd period - Shot by Joona Luoto.
3:48 of 2nd period - Shot Misses the Net.
3:50 of 2nd period - Shot by Joona Luoto.
3:50 of 2nd period - Stopped by Carey Price with a rebound.
4:18 of 2nd period - Shot by Arttu Ruotsalainen.
4:18 of 2nd period - Shot Misses the Net.
4:24 of 2nd period - Shot by Buddy Robinson.
4:24 of 2nd period - Shot Misses the Net.
4:26 of 2nd period - Shot by Chad Krys.
4:26 of 2nd period - Shot Blocked by Dalton Thrower.
4:30 of 2nd period - Shot by Arttu Ruotsalainen.
4:30 of 2nd period - Deflect By Lean Bergmann.
4:30 of 2nd period - Shot Blocked by Zach Sanford.
4:32 of 2nd period - Shot by Lean Bergmann.
4:32 of 2nd period - Stopped by Carey Price with a rebound.
4:34 of 2nd period - Shot by Lean Bergmann.
4:34 of 2nd period - Stopped by Carey Price with a rebound.
4:36 of 2nd period - Shot by Buddy Robinson.
4:36 of 2nd period - Stopped by Carey Price without a rebound.
4:37 of 2nd period - Samuel Houde wins face-off versus Arttu Ruotsalainen in Devils zone.
5:04 of 2nd period - Shot by Chad Krys.
5:04 of 2nd period - Shot Misses the Net.
5:06 of 2nd period - Shot by Buddy Robinson.
5:06 of 2nd period - Stopped by Carey Price without a rebound.
5:07 of 2nd period - Justin Dowling wins face-off versus Cole Cassels in Devils zone.
5:10 of 2nd period - Shot by Cole Koepke.
5:10 of 2nd period - Stopped by Carey Price with a rebound.
5:12 of 2nd period - Shot by Jordie Benn.
5:12 of 2nd period - Stopped by Carey Price without a rebound.
5:13 of 2nd period - Cole Cassels wins face-off versus Justin Dowling in Devils zone.
5:28 of 2nd period - Shot by Gustav Olofsson.
5:28 of 2nd period - Shot Misses the Net.
5:30 of 2nd period - Shot by Gustav Olofsson.
5:30 of 2nd period - Deflect By Justin Dowling.
5:30 of 2nd period - Shot Misses the Net.
5:32 of 2nd period - Shot by Joona Luoto.
5:32 of 2nd period - Goal by Joona Luoto - Bears : 1 - Devils : 1.
5:33 of 2nd period - Paul Byron wins face-off versus Beck Malenstyn in neutral zone.
5:42 of 2nd period - Paul Byron is hit by Beck Malenstyn and loses puck.
5:49 of 2nd period - Shot by Beck Malenstyn.
5:49 of 2nd period - Shot Misses the Net.
5:51 of 2nd period - Shot by Austin Watson.
5:51 of 2nd period - Deflect By Jay Beagle.
5:51 of 2nd period - Stopped by Carey Price without a rebound.
5:52 of 2nd period - Carsen Focht wins face-off versus Arttu Ruotsalainen in Devils zone.
5:58 of 2nd period - Shot by Lean Bergmann.
5:58 of 2nd period - Shot Misses the Net.
6:12 of 2nd period - Icing by Gustav Olofsson.
6:13 of 2nd period - Arttu Ruotsalainen wins face-off versus Samuel Houde in Bears zone.
7:00 of 2nd period - Icing by Buddy Robinson.
7:01 of 2nd period - Arttu Ruotsalainen wins face-off versus Carsen Focht in Bears zone.
7:01 of 2nd period - Arttu Ruotsalainen is hit by Cal Clutterbuck.
7:18 of 2nd period - Joona Luoto is hit by Doyle Somerby and loses puck.
7:24 of 2nd period - Dalton Thrower is hit by Kyle Burroughs and loses puck.
7:51 of 2nd period - Carl Dahlstrom is hit by Cole Koepke and loses puck.
8:07 of 2nd period - Beck Malenstyn is hit by Carl Dahlstrom and loses puck.
8:19 of 2nd period - Icing by Noel Hofenmayer.
8:20 of 2nd period - Christoffer Ehn wins face-off versus Paul Byron in Devils zone.
8:20 of 2nd period - Christoffer Ehn is hit by Carl Dahlstrom.
8:45 of 2nd period - Icing by Tyrell Goulbourne.
8:46 of 2nd period - Christoffer Ehn wins face-off versus Samuel Houde in Bears zone.
8:46 of 2nd period - Christoffer Ehn is hit by Kirill Maksimov.
9:02 of 2nd period - Shot by Mackenzie MacEachern.
9:02 of 2nd period - Stopped by Mikhal Berdin without a rebound.
9:03 of 2nd period - Arttu Ruotsalainen wins face-off versus Carsen Focht in Bears zone.
9:41 of 2nd period - Minor Penalty to Cal Clutterbuck for Tripping.
9:42 of 2nd period - Cole Cassels wins face-off versus Justin Dowling in Devils zone.
9:42 of 2nd period - Cole Cassels is hit by Joona Luoto.
10:20 of 2nd period - Shot by Paul Byron.
10:20 of 2nd period - Shot Blocked by Kyle Burroughs.
10:25 of 2nd period - Off-side.
10:26 of 2nd period - Arttu Ruotsalainen wins face-off versus Cole Cassels in neutral zone.
11:38 of 2nd period - Shot by Chad Krys.
11:38 of 2nd period - Stopped by Carey Price without a rebound.
11:39 of 2nd period - Cole Koepke wins face-off versus Cole Cassels in Devils zone.
11:44 of 2nd period - Shot by Jay Beagle.
11:44 of 2nd period - Stopped by Carey Price without a rebound.
11:45 of 2nd period - Samuel Houde wins face-off versus Beck Malenstyn in Devils zone.
11:45 of 2nd period - Mackenzie MacEachern is hit by Beck Malenstyn and loses puck.
12:08 of 2nd period - Shot by Beck Malenstyn.
12:08 of 2nd period - Stopped by Carey Price without a rebound.
12:09 of 2nd period - Justin Dowling wins face-off versus Paul Byron in Devils zone.
12:12 of 2nd period - Shot by Cole Koepke.
12:12 of 2nd period - Stopped by Carey Price without a rebound.
12:13 of 2nd period - Carsen Focht wins face-off versus Justin Dowling in Devils zone.
12:57 of 2nd period - Icing by Cal Clutterbuck.
12:58 of 2nd period - Carsen Focht wins face-off versus Arttu Ruotsalainen in Devils zone.
13:02 of 2nd period - Minor Penalty to Ryan Murphy for Roughing.
13:03 of 2nd period - Cole Cassels wins face-off versus Arttu Ruotsalainen in Devils zone.
13:03 of 2nd period - Cole Cassels is hit by Lean Bergmann.
13:39 of 2nd period - Icing by Gustav Olofsson.
13:40 of 2nd period - Cole Cassels wins face-off versus Arttu Ruotsalainen in Bears zone.
13:54 of 2nd period - Off-side.
13:55 of 2nd period - Justin Dowling wins face-off versus Paul Byron in neutral zone.
14:52 of 2nd period - Shot by Jordie Benn.
14:52 of 2nd period - Shot Misses the Net.
14:54 of 2nd period - Shot by Gustav Olofsson.
14:54 of 2nd period - Stopped by Carey Price without a rebound.
14:55 of 2nd period - Arttu Ruotsalainen wins face-off versus Cole Cassels in Devils zone.
15:10 of 2nd period - Shot by Samuel Houde.
15:10 of 2nd period - Stopped by Mikhal Berdin without a rebound.
15:11 of 2nd period - Jay Beagle wins face-off versus Pavel Gogolev in Bears zone.
15:34 of 2nd period - Shot by Austin Watson.
15:34 of 2nd period - Shot Misses the Net.
15:59 of 2nd period - Icing by Noel Hofenmayer.
16:00 of 2nd period - Justin Dowling wins face-off versus Paul Byron in Devils zone.
16:19 of 2nd period - Shot by Justin Dowling.
16:19 of 2nd period - Shot Blocked by Noel Hofenmayer.
16:21 of 2nd period - Shot by Joona Luoto.
16:21 of 2nd period - Stopped by Carey Price with a rebound.
16:23 of 2nd period - Shot by Cole Koepke.
16:23 of 2nd period - Stopped by Carey Price without a rebound.
16:24 of 2nd period - Arttu Ruotsalainen wins face-off versus Carsen Focht in Devils zone.
16:29 of 2nd period - Shot by Arttu Ruotsalainen.
16:29 of 2nd period - Stopped by Carey Price without a rebound.
16:30 of 2nd period - Arttu Ruotsalainen wins face-off versus Carsen Focht in Devils zone.
16:31 of 2nd period - Shot by Lean Bergmann.
16:31 of 2nd period - Stopped by Carey Price without a rebound.
16:32 of 2nd period - Carsen Focht wins face-off versus Cole Koepke in Devils zone.
16:38 of 2nd period - Ryan Murphy is hit by Cole Koepke and loses puck.
16:50 of 2nd period - Marc Staal is hit by Justin Dowling and loses puck.
18:53 of 2nd period - Shot by Paul Byron.
18:53 of 2nd period - Shot Misses the Net.
18:55 of 2nd period - Shot by Carl Dahlstrom.
18:55 of 2nd period - Stopped by Mikhal Berdin without a rebound.
18:56 of 2nd period - Carsen Focht wins face-off versus Christoffer Ehn in Bears zone.
19:53 of 2nd period - Buddy Robinson is hit by Ryan Murphy.
Goals for this period are 1 for Bears vs 0 for Devils.
Shots for this period are 19 for Bears vs 3 for Devils.

3rd period


0:01 of 3rd period - Justin Dowling wins face-off versus Carsen Focht in neutral zone.
0:04 of 3rd period - Shot by Joona Luoto.
0:04 of 3rd period - Shot Blocked by Ryan Murphy.
0:06 of 3rd period - Shot by Justin Dowling.
0:06 of 3rd period - Shot Misses the Net.
0:28 of 3rd period - Zach Sanford is hit by Cole Koepke and loses puck.
0:49 of 3rd period - Shot by Buddy Robinson.
0:49 of 3rd period - Shot Blocked by Ryan Murphy.
0:52 of 3rd period - Icing by Carsen Focht.
0:53 of 3rd period - Jay Beagle wins face-off versus Carsen Focht in Devils zone.
0:54 of 3rd period - Shot by Beck Malenstyn.
0:54 of 3rd period - Shot Blocked by Marc Staal.
2:00 of 3rd period - Carl Dahlstrom is hit by Kyle Burroughs and loses puck.
2:06 of 3rd period - Kirill Maksimov is hit by Kyle Burroughs and loses puck.
2:09 of 3rd period - Shot by Mackenzie MacEachern.
2:09 of 3rd period - Stopped by Mikhal Berdin without a rebound.
2:10 of 3rd period - Justin Dowling wins face-off versus Cole Cassels in Bears zone.
2:10 of 3rd period - Cole Koepke is hit by Stefan Fournier.
2:31 of 3rd period - Shot by Justin Dowling.
2:31 of 3rd period - Stopped by Carey Price without a rebound.
2:32 of 3rd period - Arttu Ruotsalainen wins face-off versus Samuel Houde in Devils zone.
3:36 of 3rd period - Shot by Carsen Focht.
3:36 of 3rd period - Shot Misses the Net.
3:37 of 3rd period - Minor Penalty to Andreas Borgman for Roughing.
3:38 of 3rd period - Justin Dowling wins face-off versus Paul Byron in Bears zone.
3:47 of 3rd period - Shot by Paul Byron.
3:47 of 3rd period - Shot Blocked by Jordie Benn.
3:56 of 3rd period - Icing by Paul Byron.
3:57 of 3rd period - Paul Byron wins face-off versus Justin Dowling in Devils zone.
3:57 of 3rd period - Paul Byron is hit by Justin Dowling.
4:04 of 3rd period - Shot by Paul Byron.
4:04 of 3rd period - Stopped by Mikhal Berdin without a rebound.
4:05 of 3rd period - Samuel Houde wins face-off versus Justin Dowling in Bears zone.
4:06 of 3rd period - Shot by Marc Staal.
4:06 of 3rd period - Stopped by Mikhal Berdin without a rebound.
4:07 of 3rd period - Samuel Houde wins face-off versus Justin Dowling in Bears zone.
4:20 of 3rd period - Shot by Ryan Murphy.
4:20 of 3rd period - Stopped by Mikhal Berdin with a rebound.
4:22 of 3rd period - Shot by Marc Staal.
4:22 of 3rd period - Shot Blocked by Gustav Olofsson.
4:29 of 3rd period - Spencer Foo is hit by Jordie Benn and loses puck.
4:55 of 3rd period - Icing by Pavel Gogolev.
4:56 of 3rd period - Samuel Houde wins face-off versus Joona Luoto in Devils zone.
5:17 of 3rd period - Shot by Joona Luoto.
5:17 of 3rd period - Stopped by Carey Price without a rebound.
5:18 of 3rd period - Paul Byron wins face-off versus Justin Dowling in Devils zone.
5:18 of 3rd period - Paul Byron is hit by Cole Koepke.
5:42 of 3rd period - Shot by Beck Malenstyn.
5:42 of 3rd period - Stopped by Carey Price without a rebound.
5:43 of 3rd period - Arttu Ruotsalainen wins face-off versus Carsen Focht in Devils zone.
5:43 of 3rd period - Buddy Robinson is hit by Carl Dahlstrom and loses puck.
6:05 of 3rd period - Shot by Buddy Robinson.
6:05 of 3rd period - Stopped by Carey Price without a rebound.
6:06 of 3rd period - Cole Cassels wins face-off versus Jay Beagle in Devils zone.
6:58 of 3rd period - Stefan Fournier is hit by Cole Koepke and loses puck.
7:21 of 3rd period - Shot by Joona Luoto.
7:21 of 3rd period - Stopped by Carey Price with a rebound.
7:36 of 3rd period - Zach Sanford is hit by Kyle Burroughs and loses puck.
7:39 of 3rd period - Shot by Doyle Somerby.
7:39 of 3rd period - Shot Blocked by Chad Krys.
7:43 of 3rd period - Shot by Cal Clutterbuck.
7:43 of 3rd period - Stopped by Mikhal Berdin without a rebound.
7:44 of 3rd period - Arttu Ruotsalainen wins face-off versus Paul Byron in Bears zone.
7:49 of 3rd period - Shot by Spencer Foo.
7:49 of 3rd period - Stopped by Mikhal Berdin without a rebound.
7:50 of 3rd period - Arttu Ruotsalainen wins face-off versus Paul Byron in Bears zone.
7:50 of 3rd period - Arttu Ruotsalainen is hit by Paul Byron.
8:04 of 3rd period - Shot by Lean Bergmann.
8:04 of 3rd period - Shot Misses the Net.
8:45 of 3rd period - Icing by Andreas Borgman.
8:46 of 3rd period - Carsen Focht wins face-off versus Jay Beagle in Bears zone.
9:04 of 3rd period - Shot by Zach Sanford.
9:04 of 3rd period - Stopped by Mikhal Berdin without a rebound.
9:05 of 3rd period - Justin Dowling wins face-off versus Samuel Houde in Bears zone.
9:10 of 3rd period - Shot by Justin Dowling.
9:10 of 3rd period - Shot Blocked by Samuel Houde.
9:12 of 3rd period - Shot by Kyle Burroughs.
9:12 of 3rd period - Stopped by Carey Price without a rebound.
9:13 of 3rd period - Justin Dowling wins face-off versus Carsen Focht in Devils zone.
9:23 of 3rd period - Icing by Zach Sanford.
9:24 of 3rd period - Arttu Ruotsalainen wins face-off versus Carsen Focht in Devils zone.
10:24 of 3rd period - Minor Penalty to Cole Koepke for Roughing.
10:25 of 3rd period - Justin Dowling wins face-off versus Samuel Houde in Bears zone.
10:48 of 3rd period - Shot by Samuel Houde.
10:48 of 3rd period - Stopped by Mikhal Berdin without a rebound.
10:49 of 3rd period - Justin Dowling wins face-off versus Paul Byron in Bears zone.
11:03 of 3rd period - Icing by Dalton Thrower.
11:04 of 3rd period - Paul Byron wins face-off versus Justin Dowling in Devils zone.
11:04 of 3rd period - Doyle Somerby is hit by Justin Dowling and loses puck.
11:24 of 3rd period - Icing by Doyle Somerby.
11:25 of 3rd period - Paul Byron wins face-off versus Justin Dowling in Devils zone.
12:24 of 3rd period - Minor Penalty to Cal Clutterbuck for High sticking.
12:25 of 3rd period - Arttu Ruotsalainen wins face-off versus Cole Cassels in Devils zone.
12:45 of 3rd period - Off-side.
12:46 of 3rd period - Justin Dowling wins face-off versus Cole Cassels in neutral zone.
14:45 of 3rd period - Mackenzie MacEachern is hit by Jay Beagle and loses puck.
15:26 of 3rd period - Carsen Focht is hit by Tyrell Goulbourne and loses puck.
16:09 of 3rd period - Shot by Joona Luoto.
16:09 of 3rd period - Shot Blocked by Dalton Thrower.
16:21 of 3rd period - Icing by Doyle Somerby.
16:22 of 3rd period - Paul Byron wins face-off versus Arttu Ruotsalainen in Devils zone.
16:33 of 3rd period - Minor Penalty to Buddy Robinson for Roughing.
16:34 of 3rd period - Paul Byron wins face-off versus Justin Dowling in Bears zone.
16:41 of 3rd period - Shot by Paul Byron.
16:41 of 3rd period - Stopped by Mikhal Berdin with a rebound.
19:39 of 3rd period - Shot by Jordie Benn.
19:39 of 3rd period - Stopped by Carey Price without a rebound.
19:40 of 3rd period - Cole Cassels wins face-off versus Arttu Ruotsalainen in Devils zone.
19:49 of 3rd period - Arttu Ruotsalainen is hit by Stefan Fournier and loses puck.
19:58 of 3rd period - Shot by Cole Cassels.
19:58 of 3rd period - Deflect By Stefan Fournier.
19:58 of 3rd period - Shot Blocked by Jordie Benn.
Goals for this period are 0 for Bears vs 0 for Devils.
Shots for this period are 7 for Bears vs 9 for Devils.

Overtime #1


0:01 of 1st overtime period - Paul Byron wins face-off versus Justin Dowling in neutral zone.
0:12 of 1st overtime period - Shot by Pavel Gogolev.
0:12 of 1st overtime period - Stopped by Mikhal Berdin without a rebound.
0:13 of 1st overtime period - Paul Byron wins face-off versus Justin Dowling in Bears zone.
0:24 of 1st overtime period - Shot by Paul Byron.
0:24 of 1st overtime period - Shot Misses the Net.
0:26 of 1st overtime period - Shot by Paul Byron.
0:26 of 1st overtime period - Goal by Paul Byron - Bears : 1 - Devils : 2.
Goals for this period are 0 for Bears vs 1 for Devils.
Shots for this period are 0 for Bears vs 2 for Devils.